 Dungeon Crawl Stone Soup version 0.29.1-15-g9cfb28693d (webtiles) character file.

Game seed: 13369562560736694682

3 protoss039 the Digger (level 1, 0/13 HPs)
             Began as a Demonspawn Earth Elementalist on Mar 17, 2023.
             Slain by a giant cockroach (1 damage)
             ... on level 1 of the Dungeon.
             The game lasted 00:00:47 (195 turns).

protoss039 the Digger (DsEE)                         Turns: 195, Time: 00:00:48

Health: 0/13       AC:  3    Str:  8    XL:     1   Next: 41%
Magic:  3/3        EV: 12    Int: 16    God:
Gold:   15         SH:  0    Dex: 13    Spells: 3/4 levels left

rFire   . . .      SeeInvis .   (no weapon)
rCold   . . .      Faith    .   (no shield)
rNeg    . . .      Spirit   .   a - +1 robe
rPois   .          Reflect  .   (no helmet)
rElec   .          Harm     .   (no cloak)
rCorr   .          Rampage  .   (no gloves)
Will    .....                   (no boots)
Stlth   ++........              (no amulet)
HPRegen 0.04/turn               (no ring)
MPRegen 0.08/turn               (no ring)

@: weak-willed
A: no striking features
a: no special abilities


You were on level 1 of the Dungeon.
You visited 1 branch of the dungeon, and saw 1 of its levels.

You collected 15 gold pieces.

Inventory:

Armour
 a - a +1 robe (worn)
Scrolls
 h - a scroll of amnesia {unknown}


   Skills:
 + Level 0.3 Fighting
 - Level 1.7 Dodging
 - Level 1.7 Stealth
 + Level 2.1 Spellcasting
 - Level 0.8 Transmutations
 + Level 2.7 Earth Magic


You had 3 spell levels left.
You knew the following spells:

 Your Spells              Type           Power      Damage    Failure   Level
a - Sandblast             Erth           20%        2d7       7%          1

Your spell library contained the following spells:

 Spells                   Type           Power      Damage    Failure   Level
 Passwall                 Tmut/Erth      5%         N/A       14%         2
 Stone Arrow              Conj/Erth      12%        3d7       34%         3
 Petrify                  Tmut/Erth      7%         N/A       67%         4


Dungeon Overview and Level Annotations

Branches:
Dungeon (1/15) Zot: 5801

Altars:


Message History

Unknown command.
Casting: Sandblast (safe; 7% risk of failure)
Confirm with . or Enter, or press ? or * to list all spells.
Aiming: Sandblast (safe; 7% risk of failure)
Press: ? - help, Shift-Dir - straight line, f/p - kobold
Aim: a kobold, wielding a +0 short sword and quivering stones (77% to hit)
The blast of sand hits the giant cockroach.
The giant cockroach is severely wounded.
The giant cockroach bites you but does no damage.
Unknown command.
Unknown command.
As you read the scroll labelled MABLU HOIVIAN, it crumbles to dust.
The creatures around you are filled with an inner flame!
It was a scroll of immolation.
The giant cockroach closely misses you. The giant cockroach bites you.
* * * LOW HITPOINT WARNING * * *
Unknown command.
Magic courses through your body. The giant cockroach bites you.
* * * LOW HITPOINT WARNING * * *
Unknown command.
You aren't carrying any potions.
You aren't carrying any potions.
As you read the scroll labelled MIRCHI MYMOENLU, it crumbles to dust.
Magic quickly surges around you.
It was a scroll of vulnerability.
The giant cockroach closely misses you.
Your magical contamination has completely faded away.
Unknown command.
As you read the scroll labelled BEADOY JINUSM, it crumbles to dust.
The scroll dissolves into smoke.
It was a scroll of fog.
The giant cockroach closely misses you.
Unknown command.
The air fills with toxic fumes!
As you read the scroll labelled NOGRUQA VIEMEBB, it crumbles to dust.
It was a scroll of poison.
The giant cockroach bites you but does no damage.
Unknown command.
As you read the scroll labelled ARITOPPEALAY, it crumbles to dust.
It is a scroll of enchant armour.
Your +0 robe glows green for a moment.
The giant cockroach bites you.
You die...

#............#.
#.......§§§§§...#
#........§§§§##.#
#.........§§§§# #
#######K##..B§§S#
...# #.##....gJ#
...# #.###'###K#
...# #J.J..#
#B####§#§# ##.#
#######
#§@§§§§§§# ##.#
#§§§§§§§§# .†.#
#§§§§§§§§§ ..##
#...§§§§## #..#
#....§§§§§ ##.#
#....§§§## ...#
#.....§§# ####
#.....§§#


You could see a gnoll (inner flame, weak-willed), an endoplasm (inner flame,
weak-willed), a giant cockroach (inner flame, weak-willed), a ball python
(weak-willed) and a kobold (inner flame, weak-willed).

Vanquished Creatures
  An endoplasm (D:1)
  A hobgoblin (D:1)
  A rat (D:1)
3 creatures vanquished.

Notes
Turn   | Place    | Note
-------+----------+-------------------------------------------
     0 | D:1      | protoss039 the Demonspawn Earth Elementalist began the
                  | quest for the Orb.
     0 | D:1      | Reached XP level 1. HP: 13/13 MP: 3/3
   155 | D:1      | Found a faded altar of an unknown god.
   195 | D:1      | Slain by a giant cockroach

Illustrated notes

Levels and vault maps discovered:
D:1:      dpeg_arrival_ratfight, layout_basic, ebering_ecumenical_altar_hall,
          minmay_misc_feat_diagonals, minmay_ruptured

Action                   || total
-------------------------++-------
Melee: Unarmed           ||     1
 Cast: Sandblast         ||     5
  Use: Scroll            ||     5
       Potion            ||     1
Armor: Robe              ||     4
Dodge: Dodged            ||    16
